 Dungeon Crawl Stone Soup version 0.31-a0-1338-gb567cfdca4 (webtiles) character file.

Game seed: 4479007449636293020

128 jasper the Grave Robber (level 4, -4/30 HPs)
             Began as a Mummy Necromancer on Dec 22, 2023.
             Incinerated by a bombardier beetle (5 damage)
             ... with a burning spray
             ... on level 3 of the Dungeon.
             The game lasted 00:03:44 (2293 turns).

jasper the Grave Robber (Mummy Necromancer)         Turns: 2293, Time: 00:03:44

Health: -4/30      AC:  4    Str: 11    XL:     4   Next: 86%
Magic:  5/8        EV: 26    Int: 16    God:
Gold:   124        SH:  0    Dex: 12    Spells: 5/9 levels left

rFire   . . .        b - +0 sling
rCold   . . .        (no shield)
rNeg    + + +        c - +1 leather armour
rPois   ∞            (no helmet)
rElec   .            (no cloak)
rCorr   .            (no gloves)
SInv    .            (no boots)
Will    .....        g - amulet of the acrobat
Stlth   +            d - ring of fire
HPRegen 0.25/turn    (no ring)
MPRegen 0.11/turn

%: acrobat, faith
@: on fire, acrobatic, glowing
A: cold resistance 1, negative energy resistance 3, torment resistance 2, heat
vulnerability 1, in touch with death 1, no potions, faith
a: no special abilities


You were on level 3 of the Dungeon.
You visited 1 branch of the dungeon, and saw 3 of its levels.

You collected 124 gold pieces.

Inventory:

Hand Weapons
 b - a +0 sling (weapon)
 e - a +3 whip
 i - a +2 short sword of protection
Missiles
 k - 4 poisoned darts
Armour
 a - a +0 robe
 c - a +1 leather armour (worn)
Jewellery
 d - a ring of fire (left hand)
 g - an amulet of the acrobat (around neck)
 l - an amulet of magic regeneration
Scrolls
 f - a scroll of teleportation
 h - a scroll of noise {unknown}
 j - a scroll of poison {unknown}


   Skills:
 - Level 1.5 Dodging
 - Level 1.5 Stealth
 - Level 3.0 Spellcasting
 + Level 6.2 Necromancy


You had 5 spell levels left.
You knew the following spells:

 Your Spells              Type           Power      Damage    Failure   Level
a - Necrotise             Necr           100%       1d9       1%          1
b - Vampiric Draining     Necr           33%        2d8       6%          3

Your spell library contained the following spells:

 Spells                   Type           Power      Damage    Failure   Level
 Animate Dead             Necr           33%        N/A       19%         4
 Agony                    Necr           33%        N/A       47%         5


Dungeon Overview and Level Annotations

Branches:
Dungeon (3/15)

Altars:
Wu Jian

Shops:
D:1 (


Innate Abilities, Weirdness & Mutations

You are immune to poison.
Your flesh is cold resistant. (rC+)
You are immune to negative energy. (rN+++)
You are immune to unholy pain and torment.
You are vulnerable to heat. (rF-)
You are in touch with the powers of death.
You do not drink.
You have a special connection with the divine. (Faith)


Message History

You shoot a sling bullet.
The sling bullet hits the bombardier beetle.
The bombardier beetle is heavily wounded.
The liquid fire burns you!
You take 5 damage, and have 24/30 hp.
Fire: b) +0 sling
Press: ? - help, Q - select action, (/) - cycle Shift-Dir - straight line, f/p - bombardier beetle
Aim: a bombardier beetle (heavily wounded, 65% to hit)
You shoot a sling bullet.
The sling bullet hits the bombardier beetle but does no damage.
The bombardier beetle is heavily wounded.
The liquid fire burns you!
You take 7 damage, and have 17/30 hp.
MASSIVE DAMAGE!!
Casting: Necrotise (safe; 1% risk of failure)
Confirm with . or Enter, or press ? or * to list all spells.
Aiming: Vampiric Draining (dangerous; 6% risk of failure)
Press: ? - help, Shift-Dir - straight line, f/p - bombardier beetle
Aim: a bombardier beetle (heavily wounded)
You feel a surge of power!
You draw life force from the bombardier beetle!
You kill the bombardier beetle!
You feel life coursing into your body. The liquid fire burns you!
You now have 5/8 mp.
Casting: Vampiric Draining (dangerous; 6% risk of failure)
Confirm with . or Enter, or press ? or * to list all spells.
Okay, then.
The liquid fire burns you!
You take 3 damage, and have 15/30 hp.
The liquid fire burns you!
You take 5 damage, and have 10/30 hp.
The liquid fire burns you!
* * * LOW HITPOINT WARNING * * *
You take 5 damage, and have 5/30 hp.
The liquid fire burns you!
* * * LOW HITPOINT WARNING * * *
You take 4 damage, and have 1/30 hp.
You shake off some of the fire as you move.
The liquid fire burns you!
You die...

### ..
####.#########
..#....#@......#
......†..#####.#
..#....### #.#
####. #.# ..
####.#### ###
#.......#
########.##.##.#
#........##.##.##
#........##.....#


There were no monsters in sight!

Vanquished Creatures
  An orc priest (D:3)
  2 adders (D:2)
  A gnoll (D:2)
  A bombardier beetle (D:3)
  A worm (D:2)
  4 orcs (D:3)
  3 endoplasms
  5 giant cockroaches
  4 goblins
  5 hobgoblins
  4 jackals (D:3)
  6 kobolds
  3 quokkas (D:1)
  4 ball pythons
  4 bats
  A frilled lizard (D:3)
  3 rats
52 creatures vanquished.

Notes
Turn   | Place    | Note
-------+----------+-------------------------------------------
     0 | D:1      | jasper the Mummy Necromancer began the quest for the Orb.
     0 | D:1      | Reached XP level 1. HP: 13/13 MP: 4/4
   325 | D:1      | Reached XP level 2. HP: 19/19 MP: 6/6
   787 | D:1      | Found Vooczoqiu's Antique Weapon Emporium.
  1125 | D:2      | Reached skill level 5 in Necromancy
  1125 | D:2      | Reached XP level 3. HP: 24/24 MP: 4/7
  1129 | D:2      | Learned a level 3 spell: Vampiric Draining
  1404 | D:2      | Found an ornate altar of the Wu Jian Council.
  1783 | D:2      | Reached XP level 4. HP: 10/30 MP: 6/8
  2132 | D:3      | Reached skill level 6 in Necromancy
  2292 | D:3      | HP: 1/30 [burnt (4)]
  2293 | D:3      | Incinerated by a bombardier beetle

Illustrated notes

Levels and vault maps discovered:
D:1:      dpeg_arrival_concentric_ovals, layout_basic, serial_shops, shop
D:2:      layout_loops_cross, shapermc_ecumenical_altar_mp_ritualfount,
          basic_altar, uniq_terence
D:3:      layout_loops_cross, serial_shops, nicolae_shop_overgrown_old_shop,
          chequers_serial_rivers_small_3

Skill      XL: |  1  2  3  4 |
---------------+-------------+-----
Spellcasting   | 3 |  3.0
Necromancy     | 5 6 |  6.2
Dodging        | |  1.5
Stealth        | |  1.5

Action                     |  1- 3 |  4- 6 || total
---------------------------+-------+-------++-------
   Fire: Sling             |   120 |    48 ||   168
   Cast: Necrotise         |    19 |     3 ||    22
         Vampiric Draining |     5 |     8 ||    13
    Use: Scroll            |     4 |       ||     4
 Armour: Leather armour    |    37 |    20 ||    57
         Robe              |     1 |       ||     1
  Dodge: Dodged            |    53 |    23 ||    76

Table legend: (Time is in decaauts)
 A = Elapsed time spent in this place.
 B = Non-inter-level travel time spent in this place.
 C = Inter-level travel time spent in this place.
 D = Time resting spent in this place.
 E = Time spent auto-exploring this place.
 F = Levels seen in this place.
 G = Mean time per level.
                   A        B        C        D        E       F      G
               +--------+--------+--------+--------+--------+-----+--------+
         Total |   2367 |   2361 |      6 |      2 |   1897 |   3 |  789.0 |
       Dungeon |   2367 |   2361 |      6 |      2 |   1897 |   3 |  789.0 |
               +--------+--------+--------+--------+--------+-----+--------+

Top non-repeatable levels by time:
     D:1: 1126 daAuts
     D:2: 730 daAuts
     D:3: 510 daAuts
